 Dungeon Crawl Stone Soup version 0.31-a0-231-g51bb95cda3 (webtiles) character file.

Game seed: 13172415288099098626

117 qw the Shooter (level 4, -1/37 HPs)
             Began as a Minotaur Hexslinger on July 6, 2023.
             Killed by divine providence
             ... invoked by an orc priest
              (13 damage)
             ... on level 4 of the Dungeon.
             The game lasted 00:00:54 (2210 turns).

qw the Shooter (Minotaur Hexslinger)                Turns: 2210, Time: 00:00:55

Health: -1/37      AC:  6    Str: 12    XL:     4   Next: 71%
Magic:  4/4        EV: 11    Int: 10    God:
Gold:   90         SH:  5    Dex: 15    Spells: 4/5 levels left

rFire   . . .        Y - +1 orcbow (freeze)
rCold   . . .        (shield currently unavailable)
rNeg    . . .        j - +0 ring mail
rPois   +            (helmet restricted)
rElec   .            (no cloak)
rCorr   .            (no gloves)
SInv    +            h - +0 pair of boots
Will    .....        c - amulet of reflection
Stlth   +            l - ring of poison resistance
HPRegen 0.26/turn    i - ring of see invisible
MPRegen 0.09/turn

%: reflection
@: no status effects
A: horns 2, retaliatory headbutt
a: no special abilities


You were on level 4 of the Dungeon.
You visited 1 branch of the dungeon, and saw 4 of its levels.

You collected 223 gold pieces.
You spent 133 gold pieces at shops.


Innate Abilities, Weirdness & Mutations

You have a pair of horns on your head.
You reflexively headbutt those who attack you in melee.


   Skills:
 - Level 2.5 Fighting
 + Level 4.9 Ranged Weapons
 - Level 1.0 Armour
 - Level 2.1 Dodging
 - Level 1.0 Spellcasting
 - Level 2.0 Hexes


You had 4 spell levels left.
You knew the following spells:

 Your Spells              Type           Power      Damage    Failure   Level
a - Slow                  Hex            16%        N/A       34%         1

Your spell library contained the following spells:

 Spells                   Type           Power      Damage    Failure   Level
 Inner Flame              Hex/Fire       2%         N/A       83%         3
 Portal Projectile        Hex/Tloc       4%         N/A       83%         3
 Cause Fear               Hex            2%         N/A       98%         4

Inventory:

Hand Weapons
 Y - a +1 orcbow of freezing (weapon)
Armour
 h - a +0 pair of boots (worn)
 j - a +0 ring mail (worn)
Jewellery
 a - a +4 ring of protection
 c - an amulet of reflection (around neck)
 i - a ring of see invisible (right hand)
 l - a ring of poison resistance (left hand)
Scrolls
 k - 2 scrolls of identify
Potions
 b - a potion of might
 e - a potion of curing

Dungeon Overview and Level Annotations

Branches:
Dungeon (4/15)
 Temple: D:4-7

Altars:
Fedhas
Makhleb
The Shining One

Shops:
D:1 (   D:3 (

Annotations:
D:4 Eustachio


Message History

The orc hits you but does no damage.
Eustachio casts a spell.
The iron imp barely misses you.
You shoot an arrow. The arrow hits Eustachio.
The arrow freezes Eustachio.
Eustachio is almost dead.
The orc priest misses you.
Eustachio mumbles some strange words.
Eustachio blinks!
The orc barely misses you.
The crimson imp hits you but does no damage.
The iron imp closely misses you.
You shoot an arrow. The arrow hits the iron imp.
The iron imp is heavily wounded.
The orc priest hits you with a +0 club.
Eustachio mumbles some strange words.
You block the orc's attack. You block the crimson imp's attack.
The iron imp hits you! The orc closely misses you.
Eustachio mumbles some strange words.
Eustachio blinks!
The orc priest hits you with a +0 club.
You shoot an arrow. The arrow barely misses the iron imp.
The crimson imp hits you but does no damage.
The crimson imp blinks!
The iron imp completely misses you.
The orc priest hits you but does no damage.
The orc hits you but does no damage. The crimson imp barely misses you.
You shoot an arrow. The arrow closely misses the iron imp.
The orc priest closely misses you. You furiously retaliate!
You headbutt the orc priest!
Eustachio asks, "How can you live without manners, virtues and honour?"
Eustachio gestures wildly while chanting.
Eustachio blinks!
The orc hits you but does no damage. The iron imp hits you.
The crimson imp hits you but does no damage.
A scorpion comes into view.
You shoot an arrow. The arrow barely misses the orc priest.
The arrow barely misses the crimson imp.
The arrow barely misses the rat.
The iron imp disappears in a puff of smoke!
The orc hits you with a +0 dagger. The orc priest hits you with a +0 club.
The orc barely misses you.
The orc priest mumbles some strange prayers to Beogh against you.
Beogh smites you!
You die...

~¤¤~~~ ...... ......
###....### .........#
¤........###
.s.........#######
......55.#.......###
.
.....@o@.#######...##
.# ....r.o..#
#......##.#
.........#
#..........
>........#
#........~~
....$....#
#..~......~
..)......#
###~~......
......#### ##~~)....
)..... #.~..~..
####...~..


You could see Eustachio, a scorpion, an orc priest, 2 crimson imps, an orc and a
rat (summoned).

Vanquished Creatures
  3 gnolls (D:2)
  3 adders
  3 orcs (D:4)
  4 endoplasms
  4 giant cockroaches
  7 goblins
  4 hobgoblins (D:2)
  3 jackals (D:3)
  7 kobolds
  3 quokkas
  4 ball pythons
  5 bats
  A frilled lizard (D:3)
  6 rats
57 creatures vanquished.

Notes
Turn   | Place    | Note
-------+----------+-------------------------------------------
     0 | D:1      | qw the Minotaur Hexslinger began the quest for the Orb.
     0 | D:1      | Reached XP level 1. HP: 16/16 MP: 1/1
     0 | D:1      | 0 ||| qw: Version: 0.3-a-46-gb1f654a
     0 | D:1      | 0 ||| qw: Game counter: 1911
     0 | D:1      | 0 ||| qw: Melee chars always use a shield: true
     0 | D:1      | 0 ||| qw: God list: Okawaru
     0 | D:1      | 0 ||| qw: Allow faded altars: false
     0 | D:1      | 0 ||| qw: Do Orc after clearing Dungeon:15 true
     0 | D:1      | 0 ||| qw: Do second Lair branch before Depths: true
     0 | D:1      | 0 ||| qw: Lair rune preference: random
     0 | D:1      | 0 ||| qw: Goals: Normal
     0 | D:1      | 0 ||| PLANNING D:1-11
    38 | D:1      | Found Suuhidom's Antique Weapon Boutique.
   257 | D:1      | Reached skill level 3 in Ranged Weapons
   373 | D:1      | Reached XP level 2. HP: 23/23 MP: 2/2
   555 | D:1      | 555 ||| UPGRADING to +0 pair of boots.
   560 | D:1      | 560 ||| UPGRADING to +0 ring mail.
   570 | D:1      | 570 ||| DROPPING +0 robe.
   571 | D:1      | 571 ||| UPGRADING to +4 ring of protection.
   572 | D:1      | 572 ||| READING scroll labelled FIBUIV MUHOTI.
   573 | D:1      | 573 ||| READING scroll labelled SEB NAILAEMO.
   577 | D:1      | 577 ||| READING scroll labelled SOVIMERRUF.
   578 | D:1      | 578 ||| READING 2 scrolls labelled DUKLIB GOMO.
   579 | D:1      | 579 ||| READING scroll labelled SARGHIU MUQOWN.
   580 | D:1      | 580 ||| DRINKING 2 smoky ruby potions.
   581 | D:1      | 581 ||| DROPPING scroll of poison.
   582 | D:1      | 582 ||| DROPPING scroll of vulnerability.
   847 | D:2      | Reached XP level 3. HP: 30/30 MP: 3/3
  1245 | D:2      | Reached skill level 4 in Ranged Weapons
  1246 | D:2      | HP: 7/30 [gnoll/+0 spear (2)]
  1247 | D:2      | 1247 ||| DRINKING potion of heal wounds.
  1252 | D:2      | Reached skill level 1 in Armour
  1252 | D:2      | Reached XP level 4. HP: 31/37 MP: 4/4
  1396 | D:2      | 1396 ||| UPGRADING to amulet of reflection.
  1401 | D:2      | 1401 ||| READING scroll labelled FULIL FYVAEG.
  1502 | D:2      | 1502 ||| DRINKING 2 bubbling pink potions.
  1512 | D:3      | Found a burning altar of Makhleb.
  1537 | D:3      | Found a blossoming altar of Fedhas.
  1552 | D:3      | Found Biyd's Weapon Boutique.
  1581 | D:3      | 1581 ||| BUYING +1 orcbow of freezing (133 gold).
  1581 | D:3      | Bought a +1 orcbow of freezing for 133 gold pieces
  1581 | D:3      | 1581 ||| SHOPLISTING +8 longbow "Zephyr" {speed, Dex+3
                  | SInv} (770 gold, have 78).
  1581 | D:3      | 1581 ||| SWAPPING to +1 orcbow of freezing.
  1582 | D:3      | 1582 ||| DROPPING +1 sling.
  1729 | D:3      | Found a faded altar of an unknown god.
  1848 | D:3      | Found a glowing golden altar of the Shining One.
  2074 | D:3      | 2074 ||| DROPPING amulet of guardian spirit.
  2075 | D:3      | 2075 ||| UPGRADING to ring of see invisible.
  2076 | D:3      | 2076 ||| UPGRADING to ring of poison resistance.
  2078 | D:3      | 2078 ||| READING scroll labelled DIHUIHI LOHA.
  2079 | D:3      | 2079 ||| READING scroll labelled EKAMAO YCLO.
  2080 | D:3      | 2080 ||| READING 2 scrolls of identify.
  2080 | D:3      | 2080 ||| IDENTIFYING lumpy dark potion
  2197 | D:4      | Noticed Eustachio
  2209 | D:4      | Noticed a scorpion
  2210 | D:4      | Killed from afar by an orc priest

Levels and vault maps discovered:
D:1:      minmay_arrival_jagged, layout_basic, serial_shops, shop
D:2:      layout_loops_cross
D:3:      layout_rooms, fedhas_altar_1, amcnicky_altar_gilded, tso_metal_star,
          hellmonk_ecumenical_altar_blasted, serial_shops,
          nicolae_shop_advertising_works [nicolae_subvault_shop_adworks],
          minmay_fractal_squares_5
D:4:      layout_basic, mainiacjoe_overflow_concentric_impassable,
          minmay_temple_entry_offerings, chequers_serial_rivers_small_b,
          chequers_serial_rivers_micro_e, uniq_eustachio

Skill      XL: |  1  2  3 |
---------------+----------+-----
Ranged Weapons | 3 4 |  4.9
Fighting       | 2 |  2.5
Armour         | 1 |  1.0
Dodging        | |  2.1
Spellcasting   | |  1.0
Hexes          | |  2.0

Action                     |  1- 3 |  4- 6 || total
---------------------------+-------+-------++-------
   Fire: Sling             |   131 |    15 ||   146
         Orcbow            |       |    51 ||    51
    Use: Scroll            |     5 |     4 ||     9
         Potion            |     2 |     1 ||     3
 Armour: Robe              |     2 |       ||     2
         Ring mail         |    35 |    16 ||    51
  Dodge: Dodged            |    43 |    23 ||    66
  Block: Other             |       |     5 ||     5

Table legend:
 A = Non-vault XP
 B = Vault XP
 C = Vault XP percentage of total XP
 D = Non-vault monster count
 E = Vault monster count
 F = Vault count percentage of total count
                 A         B        C        D         E       F
            +---------+---------+-------+---------+---------+-------
      Total |     152 |      16 |   9.5 |      54 |       3 |   5.3
            +---------+---------+-------+---------+---------+-------
        D:1 |      21 |       0 |   0.0 |      12 |       0 |   0.0
        D:2 |      97 |       0 |   0.0 |      23 |       0 |   0.0
        D:3 |      21 |      16 |  43.2 |      13 |       3 |  18.8
        D:4 |      13 |       0 |   0.0 |       6 |       0 |   0.0
            +---------+---------+-------+---------+---------+-------
